[Event "*** Titled Tuesday Blitz"]
[Site "Chess.com"]
[Date "2021.02.16"]
[Round "8"]
[White "Frolyanov_D"]
[Black "GadimbayliA"]
[Result "1-0"]
[WhiteElo "2670"]
[BlackElo "2829"]
[TimeControl "180+1"]
[EndTime "11:31:03 PST"]
[Termination "Frolyanov_D won by resignation"]

1. d4 d5 2. c4 e5 3. dxe5 d4 4. Nf3 Nc6 5. g3 Nge7 6. Bg2 Ng6 7.
O-O Ngxe5 8. Nbd2 Be7 9. Nb3 Nxf3+ 10. Bxf3 Bf6 11. e3 O-O 12. Bxc6 bxc6 13. Nxd4 Bh3 14. Re1 c5 15. Ne2 Qxd1 16. Rxd1 Bg4 17. Kf1 Rfd8 18. Bd2 Bxb2 19. Rab1 Be5 20. Ba5 Be6 21. f4 Rxd1+ 22.
Rxd1 Bd6 23. Rc1 Rb8 24. e4 f6 25. Rc2 g5 26. Kf2 Rb1 27. Nc3 Rh1 28. Kg2 Ra1 29. Nd5 Bxd5 30. cxd5 gxf4 31. gxf4 Bxf4 32. Bc3 Rd1 33.
Bxf6 Kf7 34. Bh4 Ke8 35. Bf2 Bd6 36. Bxc5 Kd7 37. Bxa7 Re1 38. Bc5 Rxe4 39. Bxd6 cxd6 40.
Rd2 Ra4 41. Kf3 Ke7 42. Ke3 Kf6 43. Kd3 Ke5 44. Kc3 Ra8 45. Kb4 Rb8+ 46. Ka5 Ra8+ 47.
Kb5 Rb8+ 48. Kc6 Rc8+ 49. Kd7 Rc5 50. Re2+ Kxd5 51. Rd2+ Ke4 52. Kxd6 Ra5 53. Kc6 h5 54. Kb6 Ra3 55. Kb5 h4 56. Kb4 Rf3 57. a4 Rf1 58.
Ra2 Rb1+ 59. Kc5 Rc1+ 60. Kd6 Rd1+ 61. Ke6 Rc1 62. a5 Rc6+ 63. Kd7 Ra6 64. Kc7 h3 65. Kb7 Rg6 66. a6 Rg2 67. Ra4+ Kd5 68. a7 Rg7+ 69.
Kb6 1-0

[Event "*** Titled Tuesday Blitz"]
[Site "Chess.com"]
[Date "2021.02.16"]
[Round "8"]
[White "GameOverBro"]
[Black "Sir_Frankie_Crisp"]
[Result "1-0"]
[WhiteElo "2434"]
[BlackElo "2266"]
[TimeControl "180+1"]
[EndTime "11:31:03 PST"]
[Termination "GameOverBro won on time"]

1. e4 c5 2. Ne2 Nc6 3. Nbc3 g6 4. d4 cxd4 5. Nxd4 Bg7 6. Nde2 Nf6 7. g3 b5 8. Bg2 b4 9. Nd5 O-O 10. O-O a5 11. a3 Rb8 12. axb4 axb4 13. Ra2 d6 14.
b3 Nxd5 15. exd5 Ne5 16. h3 Qc7 17. Nd4 Bb7 18. Be3 Ra8 19. Rxa8 Rxa8 20. Qd2 Qc3 21. Qxc3 bxc3 22. f4 Nd7 23. Nc6 Kf8 24. f5 Nf6 25.
fxg6 hxg6 26. Bd4 Ra2 27. Rf2 Ra6 28. Bxc3 Nxd5 29. Bxg7+ Kxg7 30. Bxd5 e6 31. Nb4 Ra1+ 32. Kh2 Bxd5 33. Nxd5 exd5 34. Kg2 d4 35. Rd2 Rc1 36.
Kf3 Kf6 37. Ke4 Rg1 38. g4 Ke6 39. Kxd4 Rg3 40. Rd3 Rg2 41. c4 Rb2 42. Kc3 Rb1 43. Re3+ Kd7 44. Rf3 Ke6 45. b4 f5 46. gxf5+ gxf5 47. b5 Ke5 48. h4 d5 49. cxd5 Rxb5 50. Kc4 Rb1 51. Re3+ Kd6 52. Re6+ Kd7 53. Rf6 Ra1 54. Rxf5 Ra4+ 55. Kc5 Rxh4 56. Rf7+ Kd8 57. Kc6 Rd4 58. Kd6 Ke8 59. Re7+ Kd8 60. Rh7 Ke8 61. Rh8+ Kf7 62.
Kc6 Ke7 63. Rh7+ Kd8 64. Kd6 Ke8 65. Rh8+ Kf7 66. Ra8 Rd1 67. Kc6 Ke7 68. Ra7+ Kd8 69. Kd6 Ke8 70. Ra5 Rd2 71. Kc7 1-0

[Event "*** Titled Tuesday Blitz"]
[Site "Chess.com"]
[Date "2021.02.16"]
[Round "8"]
[White "MF1966Idrisov"]
[Black "ElCoachRene"]
[Result "0-1"]
[WhiteElo "2342"]
[BlackElo "2225"]
[TimeControl "180+1"]
[EndTime "11:31:04 PST"]
[Termination "ElCoachRene won on time"]

1. Nf3 d5 2. b3 c6 3. Bb2 Bf5 4. e3 Nd7 5. d4 e6 6. Bd3 Ngf6 7. O-O Bg6 8. Nbd2 Bd6 9. Ne5 Bxd3 10.
cxd3 Qe7 11. a3 a5 12. f4 O-O 13. e4 Bc7 14. Qf3 Bb6 15. Kh1 Rfc8 16. f5 exf5 17. Qxf5 Re8 18. Nxd7 Qxd7 19. e5 Qxf5 20. Rxf5 Nd7 21.
Raf1 Re7 22. Nf3 g6 23. Rf4 h6 24. h4 Nf8 25. Rg4 h5 26. Rg3 Ne6 27. Rc1 Nf4 28. Rd1 Ne2 29. Rg5 Re6 30. Rd2 Nf4 31. Rg3 Ree8 32.
Ng5 Ne6 33. Nxe6 Rxe6 34. Rc2 Rf8 35. Rg5 Bd8 36. g3 Bxg5 37. hxg5 Kg7 38. Kg2 Rc8 39. Bc3 b6 40. Bd2 Ra8 41. a4 b5 42. Rc5 bxa4 43. bxa4 Kf8 44. Bxa5 Ke7 45. Bb4 Kd7 46. a5 Ree8 47.
Bd2 Reb8 48. Kf3 Rb2 49. Ke3 Ra2 50. Rc1 Rb8 51. Rf1 Ke7 52. Rf2 Rbb2 53. Rg2 Ra3 54. Bc1 Rxg2 55. Bxa3+ Kd7 56. Bc5 Kc7 57. a6 Kb8 58.
Kf3 Ra2 59. a7+ Ka8 60. Ke3 Rg2 61. Kf3 Rd2 62. Ke3 Rc2 63. Kf3 Rc3 64. Ke3 Rc1 65.
Kf3 Rf1+ 66. Ke3 Rf5 67. Ke2 Rxg5 0-1

[Event "*** Titled Tuesday Blitz"]
[Site "Chess.com"]
[Date "2021.02.16"]
[Round "8"]
[White "Kretov_Evgenij"]
[Black "Happy1712Drummer"]
[Result "0-1"]
[WhiteElo "2614"]
[BlackElo "2468"]
[TimeControl "180+1"]
[EndTime "11:31:05 PST"]
[Termination "Happy1712Drummer won by checkmate"]

1. d4 c6 2. c4 d5 3. Nc3 Nf6 4. e3 e6 5. Nf3 Nbd7 6. Bd3 Bb4 7.
O-O O-O 8. a3 Ba5 9. b4 dxc4 10.
Bxc4 Bc7 11. Bb2 Qe7 12. e4 e5 13. d5 a5 14. Qb3 Nb6 15. dxc6 bxc6 16. bxa5 Nxc4 17.
Qxc4 Ba6 18. Qxc6 Bxf1 19. Kxf1 Bxa5 20. Nd5 Nxd5 21. exd5 Rfc8 22. Qb5 Rab8 23. Qxa5 Rxb2 24. Re1 f6 25. Nd4 Qc5 26. Qxc5 Rxc5 27. Nf5 Rcc2 28.
Ne3 Rxf2+ 29. Kg1 Rfd2 30. a4 Ra2 31. Rb1 Re2 32. d6 Rxe3 33. d7 Rd3 34. Rb8+ Kf7 35. d8=Q Rxd8 36. Rxd8 Rxa4 37. Rd7+ Kg6 38. Kf2 h5 39. h3 h4 40. Kf3 Kh6 41. Ke3 Rf4 42. Ra7 g6 43. Ra6 Kg5 44. Ra8 Kf5 45. Ra6 Rb4 46.
Rc6 Rb3+ 47. Kf2 Kg5 48. Re6 Ra3 49. Ke2 Ra5 50. Kf3 f5 51. Rb6 Ra3+ 52. Kf2 e4 53.
Re6 Ra2+ 54. Kf1 Ra3 55. Kf2 Rg3 56. Kf1 Kf4 57. Kf2 g5 58. Kf1 Ra3 59. Rb6 Ra1+ 60. Kf2 Ra2+ 61. Kf1 e3 62. Rb3 Rf2+ 63. Kg1 Rd2 64.
Kf1 Rd1+ 65. Ke2 Rd2+ 66. Kf1 Rc2 67. Kg1 Rc1+ 68. Kh2 e2 69. Rb4+ Ke5 70. Rb3 e1=Q 71. Rb5+ Kd6 72. Rb6+ Kc7 73. Rb2 Qg3# 0-1

[Event "*** Titled Tuesday Blitz"]
[Site "Chess.com"]
[Date "2021.02.16"]
[Round "8"]
[White "Krakozia"]
[Black "FairChess_on_YouTube"]
[Result "1-0"]
[WhiteElo "2814"]
[BlackElo "2929"]
[TimeControl "180+1"]
[EndTime "11:31:06 PST"]
[Termination "Krakozia won by resignation"]

1. e4 c6 2. d4 d5 3. e5 c5 4.
Nf3 Nc6 5. dxc5 Bg4 6. Bb5 Qa5+ 7.
Nc3 e6 8. Bd2 Qc7 9. b4 Bxf3 10.
gxf3 a5 11. a3 Qxe5+ 12. Kf1 Nf6 13. Rb1 axb4 14. axb4 Be7 15. Kg2 O-O 16. Re1 Qh5 17. Ne2 Qh4 18. Ng3 Nh5 19. Nxh5 Qxh5 20. f4 Qg6+ 21.
Kh1 Ra3 22. Bd3 Qf6 23. Qg4 g6 24. Bc1 Ra2 25. Bd2 Rfa8 26. Qg2 Nd4 27. Bc3 R8a3 28.
Ba1 Qxf4 29. Bb2 Ra4 30. Bc1 Qf6 31. Qg3 Nxc2 32. Re2 Nd4 33. Rxa2 Rxa2 34. Bf4 Ne2 35. Bxe2 Rxe2 36. Bh6 Rxf2 37. b5 g5 38. Bxg5 Qxg5 39. Qxf2 Qe5 40. c6 bxc6 41. b6 Qe4+ 42. Qg2+ Qxg2+ 43. Kxg2 Bd6 44. b7 c5 45. Rb6 Bb8 46. Rc6 Be5 47.
Rxc5 Kg7 48. Rc8 f5 49. Re8 Kf6 50. h3 f4 51. Kf3 Bd6 52. b8=Q Bxb8 53. Rxb8 Ke5 54.
Rf8 Kd4 55. Rxf4+ Kd3 56. Rh4 e5 57. Rxh7 e4+ 58. Kf2 Kd2 59. Re7 Kd3 60. h4 d4 61.
h5 Kd2 62. Rxe4 1-0

[Event "*** Titled Tuesday Blitz"]
[Site "Chess.com"]
[Date "2021.02.16"]
[Round "8"]
[White "Cecile-Haussernot"]
[Black "ketster"]
[Result "1-0"]
[WhiteElo "2340"]
[BlackElo "2423"]
[TimeControl "180+1"]
[EndTime "11:31:08 PST"]
[Termination "Cecile-Haussernot won on time"]

1. d4 Nf6 2. g4 Nxg4 3. e4 d5 4. e5 g6 5. Be2 h5 6. h3 Nh6 7.
Nf3 Bg7 8. Ng5 e6 9. Rg1 Nf5 10. Bf4 c5 11. c3 Nc6 12. dxc5 Nxe5 13. Na3 a6 14. Qd2 Qe7 15. b4 Bd7 16. Nc2 Nc6 17.
Nf3 e5 18. Bg5 Qe6 19. O-O-O Nce7 20. Bxe7 Nxe7 21. Ng5 Qc6 22. Ne3 d4 23. Bf3 Qa4 24. Nc4 O-O 25. Bxh5 Bb5 26. Nb6 Qa3+ 27. Kb1 dxc3 28.
Qc2 Qxb4+ 29. Ka1 Rad8 30. Ne4 Rxd1+ 31. Rxd1 Qb2+ 32. Qxb2 cxb2+ 33. Kxb2 gxh5 34. Rg1 f5 35. Nd6 Bc6 36. Rg5 Nd5 37. Nbc4 e4+ 38. Ne5 Kh7 39.
Rxh5+ Bh6 40. Nef7 Nf4 41. Rxh6+ Kg7 42. Rh4 Ng6 43.
Rh5 Rxf7 44. Nxf7 Kxf7 45. Rxf5+ Ke6 46. Rg5 Ne5 47. h4 Nf3 48. Rg6+ Kf5 49. h5 Ng5 50. Rg8 Bd5 51. Rf8+ Kg4 52. h6 Kh5 53. Rf5 Bg8 54. Rf8 Bh7 55. Rf6 Bg6 56. Kc3 Kxh6 57. Kd4 Kg7 58.
Rb6 Bf7 59. Rxb7 Ne6+ 60. Ke5 Ng5 61. Ra7 Nf3+ 62. Kxe4 Nd2+ 63. Kd3 Nc4 64. Rxf7+ Kxf7 65. Kxc4 Ke6 66. f4 Kd7 67. a4 Kc6 68. f5 1-0

[Event "*** Titled Tuesday Blitz"]
[Site "Chess.com"]
[Date "2021.02.16"]
[Round "8"]
[White "kobemagic"]
[Black "ZiggyStardust64"]
[Result "1-0"]
[WhiteElo "2419"]
[BlackElo "2567"]
[TimeControl "180+1"]
[EndTime "11:31:09 PST"]
[Termination "kobemagic won by checkmate"]

1. c4 e6 2. g3 d5 3. Bg2 a6 4. Nf3 dxc4 5. a4 Nc6 6. O-O e5 7. Qc2 Be6 8. Na3 Bxa3 9. bxa3 Nge7 10. Rb1 Rb8 11. Ng5 Bd5 12. e4 Nd4 13. Qd1 Bc6 14.
Bb2 Qd7 15. Bxd4 exd4 16. Qh5 Ng6 17. Nxh7 Kd8 18. f4 Nf8 19. Qg5+ Qe7 20. Qxe7+ Kxe7 21. Nxf8 Rhxf8 22. Rfc1 b5 23. axb5 axb5 24. a4 Rb6 25. axb5 Bxb5 26. e5 Rfb8 27. Bd5 Ba6 28. Ra1 c3 29. dxc3 d3 30. c4 c6 31. Be4 Bxc4 32. Rxc4 Rb1+ 33. Rxb1 Rxb1+ 34. Kg2 d2 35. Bf3 d1=Q 36.
Bxd1 Rxd1 37. Rxc6 Rd2+ 38. Kh3 g6 39. Ra6 Re2 40.
Ra1 Ke6 41. Rg1 Kf5 42. Rg2 Re4 43. Rf2 Re3 44. Kg2 Ra3 45. Rd2 g5 46. fxg5 Kxg5 47. Rf2 Kg6 48. Rf6+ Kg7 49. Rf5 Kg6 50. Rf4 Re3 51.
Rf6+ Kg7 52. Rf5 Kg6 53. g4 Re2+ 54. Kg3 Ra2 55. h4 Ra4 56. h5+ Kg7 57. Kh4 Ra1 58.
Kg5 Ra6 59. h6+ Kg8 60. Rf6 Ra5 61. Kf5 Ra1 62. Rb6 Rf1+ 63. Kg5 Kh7 64. Rf6 Re1 65. Rxf7+ Kg8 66. Re7 Re2 67. Kg6 Kh8 68. Re8# 1-0

[Event "*** Titled Tuesday Blitz"]
[Site "Chess.com"]
[Date "2021.02.16"]
[Round "8"]
[White "AttilaTurzo"]
[Black "chessdjw"]
[Result "1-0"]
[WhiteElo "2505"]
[BlackElo "2691"]
[TimeControl "180+1"]
[EndTime "11:31:10 PST"]
[Termination "AttilaTurzo won by resignation"]

1. d4 Nf6 2. Nf3 d5 3. Bf4 c5 4. e3 Nc6 5. Nbd2 Nh5 6. Be5 cxd4 7. exd4 f6 8. Bg3 e6 9. c4 Nxg3 10. hxg3 Kf7 11. cxd5 exd5 12. Bd3 Qe8+ 13. Kf1 g6 14. a3 Bd6 15. Qb3 Ne7 16. Ne4 Bc7 17. Nc3 Qc6 18. Re1 Be6 19. g4 h6 20. Bb5 Qd6 21. Bd3 a6 22. Rh4 b5 23. g3 g5 24. Rh2 Bxg4 25. Kg2 Rad8 26. Nd2 Kg7 27. Nf1 Nf5 28. Bxf5 Bxf5 29.
Ne3 Be6 30. Qc2 Bb6 31. Qd3 Qd7 32. Rhh1 Rhe8 33. f3 Re7 34. f4 gxf4 35. gxf4 Rg8 36. Kf2 Kf8 37. Rxh6 Rf7 38. Reh1 Qd6 39. Kf3 Rfg7 40.
Ne2 Qe7 41. Rh7 Bc7 42. Rxg7 Qxg7 43. Rg1 Qh6 44. Rxg8+ Kxg8 45. Qd1 Qh3+ 46. Ng3 Kg7 47. Qg1 Kf7 48. Qh1 Qxh1+ 49. Nxh1 Bf5 50. Ng3 Bb1 51. Nxd5 Bd8 52. Nc3 Bd3 53. Nge4 a5 54. Nc5 Bc4 55. b3 b4 56. axb4 axb4 57. bxc4 bxc3 58. Ke3 c2 59. Kd2 Bc7 60. Nd3 f5 61. Kxc2 Ke6 62. Ne5 Bd6 63.
Kd3 Bf8 64. d5+ Kd6 65. Kd4 Bh6 66. c5+ Kc7 67. Nf7 Kd7 68. Nxh6 Ke7 69. Nxf5+ Kf6 70.
Ne3 Ke7 71. c6 Kd6 72. f5 Ke7 73. Ke5 Kf7 74. f6 Kg6 75. c7 Kg5 76. c8=Q Kg6 77. Qg4+ Kf7 78. Qg7+ 1-0

[Event "*** Titled Tuesday Blitz"]
[Site "Chess.com"]
[Date "2021.02.16"]
[Round "8"]
[White "aa175"]
[Black "Sokoloco"]
[Result "1-0"]
[WhiteElo "2613"]
[BlackElo "2453"]
[TimeControl "180+1"]
[EndTime "11:31:11 PST"]
[Termination "aa175 won by resignation"]

1. d4 d6 2. Nf3 g6 3. Bf4 Bg7 4. e3 Nf6 5. Be2 O-O 6. O-O b6 7. c4 Bb7 8. Nc3 Nbd7 9. Qc2 Re8 10. Rfd1 c5 11. d5 Nh5 12. Bg5 h6 13. Bh4 g5 14.
Bg3 Nxg3 15. hxg3 e5 16. dxe6 Rxe6 17. Nd2 Ne5 18. Nde4 f5 19. Nd2 Qf8 20. Nb5 Qf7 21. Nf3 Rd8 22. Nxe5 Bxe5 23. Bf3 Bxf3 24. gxf3 f4 25.
Kg2 Rf8 26. exf4 gxf4 27. g4 Rg6 28. Nc7 h5 29. Nd5 hxg4 30. Qxg6+ Qxg6 31. Ne7+ Kg7 32. Nxg6 gxf3+ 33. Kxf3 Kxg6 34. Rg1+ Kf5 35. Rad1 Rd8 36. b3 Bd4 37. Rg4 Be5 38. Rh1 Rd7 39. Rh5+ Kf6 40. Ke4 Ke7 41. Rh7+ Kd8 42. Rg8+ Kc7 43. Rxd7+ Kxd7 44.
Ra8 a5 45. Kd5 Ke7 46. Ra7+ Kf6 47. Rb7 f3 48. Ke4 Bd4 49. Kxf3 Ke5 50. Rxb6 d5 51.
Rb5 dxc4 52. bxc4 a4 53. Ra5 Bc3 54. Rxa4 Kd4 55. Ke2 Bb4 56. a3 Bc3 57. f3 Bb2 58. f4 Ke4 59. Ra5 Kxf4 60. Rxc5 Bxa3 61. Rd5 Ke4 62.
Rd7 Ke5 63. Kd2 Ke6 64. Rd5 Be7 65. Kc2 Bf6 66. Kb3 Ke7 67. Ka4 Ke6 68. Kb5 Be7 69.
Kc6 Bf6 70. c5 Ke7 71. Rd1 Bb2 72. Kb6 Be5 73. c6 Bg3 74. Kb7 Bf2 75. c7 1-0

[Event "*** Titled Tuesday Blitz"]
[Site "Chess.com"]
[Date "2021.02.16"]
[Round "8"]
[White "MusicCityMaster"]
[Black "Goryachkina"]
[Result "0-1"]
[WhiteElo "2381"]
[BlackElo "2640"]
[TimeControl "180+1"]
[EndTime "11:31:14 PST"]
[Termination "Goryachkina won by resignation"]

1. e4 c5 2. Nf3 Nc6 3. d3 g6 4. g3 Bg7 5. Bg2 e5 6. O-O Nge7 7. Nc3 O-O 8. Re1 d6 9. Nd2 f5 10. exf5 gxf5 11. Nd5 Nxd5 12. Bxd5+ Kh8 13. Qh5 Bd7 14. Nf3 Qe8 15. Qh4 Qg6 16. Bd2 Nd4 17. Nxd4 cxd4 18. Bxb7 Rab8 19. Bd5 Rxb2 20. Bb3 Bc6 21. Bc1 Rxb3 22.
axb3 f4 23. Rxa7 Bf6 24. Qh3 Bf3 25. Qd7 Bh4 26. Bxf4 Bg4 27. Bxe5+ dxe5 28. Qc7 Bf6 29. Qd6 Bg7 30. Qxg6 hxg6 31. Rea1 Kh7 32. Re7 Rg8 33. Raa7 g5 34. Rxe5 Kg6 35. Ree7 Bf6 36. Ra6 Rc8 37. Rb7 Bf3 38. Rbb6 Rf8 39. Kf1 g4 40. Ke1 Kg5 41. Kd2 Be7 42. Rb5+ Rf5 43. Rxf5+ Kxf5 44. Rb6 Ke5 45.
b4 Kd5 46. Rb7 Bd6 47. b5 Kc5 48. Rd7 Bf8 49. Rf7 Bh6+ 50. Ke1 Kxb5 51. Rc7 Bf8 52. Rc4 Bb4+ 53. Kf1 Bc3 54. Kg1 Kb6 55. h4 gxh3 56. Kh2 Bg4 57. f3 Bxf3 58. Kxh3 Bd5 59. Ra4 Bc6 60.
Ra3 Bf3 61. Rb3+ Kc6 62. g4 Kd6 63. Kg3 Bd1 64. Kf4 Bxc2 65. Rb6+ Kc5 66. Ke4 Kxb6 67. g5 Bb3 68. g6 Kc6 69. g7 Bg8 70. Kf5 Kd7 71.
Kf6 Bb2 72. Ke5 Ke7 73. Kf5 Bc3 74. Kg6 Ke6 75. Kh6 Kf6 76. Kh5 Kxg7 77. Kg5 Be6 78. Kf4 Kf6 79. Ke4 Bb3 0-1

[Event "*** Titled Tuesday Blitz"]
[Site "Chess.com"]
[Date "2021.02.16"]
[Round "8"]
[White "andrzej"]
[Black "AntonovaNadezhda"]
[Result "1/2-1/2"]
[WhiteElo "2298"]
[BlackElo "2155"]
[TimeControl "180+1"]
[EndTime "11:31:14 PST"]
[Termination "Game drawn by repetition"]

1. e4 c5 2. Nc3 d6 3. Bc4 Nf6 4. f4 e6 5. d3 Be7 6. Nf3 O-O 7. O-O a6 8. a4 b6 9. f5 d5 10. exd5 exd5 11. Ba2 Bb7 12. Bg5 h6 13. Bf4 Nc6 14.
Qd2 Nb4 15. Bb3 c4 16. dxc4 dxc4 17. Bxc4 Qxd2 18. Bxd2 Nxc2 19. Rac1 Nb4 20. Ne5 Bc5+ 21. Kh1 Rad8 22. Bf4 Nbd5 23. Bg3 Ne3 24. Rf2 Nxc4 25.
Nxc4 Bxf2 26. Bxf2 b5 27. axb5 axb5 28. Nxb5 Ne4 29.
Bb6 Rc8 30. b3 Rc6 31. Re1 Nf6 32. Nbd6 Ba8 33. Bd4 Nd5 34. h3 Rd8 35. Be5 Nb6 36. Rd1 Nxc4 37. bxc4 Rxc4 38. Ra1 Rc2 39. Rg1 Re2 40.
Bg3 Rb8 41. Nxf7 Rbb2 42. Ne5 Rxg2 43. Rxg2 Bxg2+ 44. Kg1 Bxh3 45. Bf2 Bxf5 46. Nc4 Rc2 47. Ne3 Rc1+ 48. Kg2 Be4+ 49. Kg3 g6 50. Kf4 Bb7 51.
Ke5 Kf7 52. Ng4 Rf1 53. Be3 g5 54. Nxh6+ Kg6 55. Ng4 Rf6 56. Nxf6 Bc8 57. Ne4 Bd7 58. Nf2 Bc8 59. Ke4 Bd7 60. Kf3 Bc8 61. Kg3 g4 62.
Ne4 Bb7 63. Nf2 Bc8 64. Bd2 Bd7 65. Bc1 Bc8 66. Bb2 Bd7 67. Bd4 Bc8 68. Be3 Bd7 69. Nd3 Bc8 70. Ne5+ Kf5 71. Nd7 Bxd7 72. Bd2 Ke4 73. Bc1 Be6 74. Bf4 Bd7 75. Bc7 Be6 76. Bb8 Bd7 77. Bc7 Be6 78. Bb8 Bc8 79. Bc7 Bd7 80.
Bb8 Bc8 81. Bc7 Bd7 82. Bb8 Bc8 1/2-1/2

[Event "*** Titled Tuesday Blitz"]
[Site "Chess.com"]
[Date "2021.02.16"]
[Round "8"]
[White "davigator"]
[Black "Deepweb2020"]
[Result "0-1"]
[WhiteElo "2364"]
[BlackElo "2523"]
[TimeControl "180+1"]
[EndTime "11:31:18 PST"]
[Termination "Deepweb2020 won by resignation"]

1. e4 c6 2. d4 d5 3. e5 c5 4.
dxc5 Bf5 5. a3 e6 6. b4 a5 7.
c3 Ne7 8. Nf3 Ng6 9. Bb5+ Nc6 10. O-O Be7 11. Re1 O-O 12. Bb2 Qc7 13. Bxc6 bxc6 14.
Nbd2 f6 15. c4 Bg4 16. Qb3 Rab8 17. cxd5 exd5 18. Qa4 Nf4 19. exf6 Bxf6 20. Be5 Bxe5 21. Rxe5 Nxg2 22. Rg5 Bxf3 23. Nxf3 Nf4 24. Kf1 axb4 25. axb4 Nd3 26. Rg3 Nxb4 27. Rb1 Nd3 28. Rxb8 Rxb8 29. Qg4 Nxc5 30. Nd4 Ne4 31. Re3 c5 32. Nf5 Rf8 33.
f3 Nf6 34. Qg5 Re8 35. Rxe8+ Nxe8 36. Ne7+ Kf8 37. Nxd5 Qd6 38. Qf5+ Nf6 39. Qc8+ Kf7 40.
Ne3 Qd3+ 41. Kf2 Qd2+ 42. Kg3 Qxe3 43. Qc7+ Qe7 44. Qc8 Qd6+ 45. Kg2 h6 46. h4 Nd5 47. Qf5+ Nf6 48. Qc8 Qf4 49. Qxc5 Qxh4 50. Qc7+ Kg6 51. Qc2+ Kh5 52. Qb3 Qg5+ 53. Kf2 Kg6 54. Qb8 Qf5 55.
Qb4 h5 56. Kg3 Qg5+ 57. Kf2 h4 58. Qb1+ Kh6 59. Qb8 Qg3+ 60. Qxg3 hxg3+ 61. Kxg3 Kg6 62. Kf4 Nh5+ 63. Kg4 Nf6+ 64. Kf4 Ng8 65. Ke5 Kf7 66. Kf5 Ne7+ 67. Kg5 Nc6 68. Kf5 g6+ 69. Ke4 Kf6 70. Kd5 Kf5 71. Kxc6 Kf4 72. Kd5 Kxf3 73. Ke5 g5 74. Kf5 g4 75. Ke5 0-1

[Event "*** Titled Tuesday Blitz"]
[Site "Chess.com"]
[Date "2021.02.16"]
[Round "8"]
[White "ckgchess"]
[Black "markowskitomasz"]
[Result "1/2-1/2"]
[WhiteElo "2758"]
[BlackElo "2618"]
[TimeControl "180+1"]
[EndTime "11:31:25 PST"]
[Termination "Game drawn by repetition"]

1. e4 c5 2. c3 Nf6 3. e5 Nd5 4. d4 cxd4 5. Qxd4 e6 6. Nf3 Nc6 7. Qe4 f5 8. Qe2 b5 9. g3 a5 10. Bg2 Be7 11. O-O O-O 12. Rd1 Rb8 13. a4 bxa4 14. Rxa4 Qb6 15. Na3 Qb3 16. Qc4 Bxa3 17. Qxb3 Rxb3 18. Rxa3 Rxa3 19. bxa3 Nxc3 20. Re1 Ba6 21.
Bd2 Ne4 22. Be3 Rb8 23. Nd2 Nxd2 24. Bxd2 Rb2 25. Bf4 Nd4 26. h4 Ne2+ 27. Kh2 Nxf4 28. gxf4 Rxf2 29. Kg3 Rb2 30. Rd1 Bb5 31. Rd6 Rb3+ 32.
Kh2 Rxa3 33. Rb6 Bc6 34. Bxc6 dxc6 35. Rxc6 Ra4 36. Kg3 Kf7 37. Rc7+ Kg6 38. Re7 Ra3+ 39. Kf2 Ra2+ 40. Ke3 Ra3+ 41. Ke2 Ra4 42. Ke3 Kh5 43.
Rxg7 Ra3+ 44. Kd4 Ra4+ 45. Kc5 Kxh4 46. Kd6 Rxf4 47. Kxe6 h5 48. Kf7 a4 49. e6 Re4 50. e7 a3 51. Rg2 f4 52. Ra2 f3 53.
Rxa3 Kg3 54. Ra5 f2 55. Rg5+ Kf3 56. Rf5+ Kg3 57. Rg5+ Kf4 58. Rg6 Rxe7+ 59. Kxe7 Ke3 60. Re6+ Kf3 61. Rf6+ Kg3 62. Rg6+ Kh2 63. Rf6 Kg1 64. Rg6+ Kf1 65. Rh6 Kg2 66. Rg6+ Kf3 67. Rf6+ Ke3 68. Re6+ Kf4 69. Rf6+ Kg3 70. Rg6+ Kh2 71. Rf6 Kg1 72. Rg6+ Kh1 73. Rf6 Kg2 74. Rg6+ Kh1 75. Rf6 Kg2 76. Rg6+ 1/2-1/2

[Event "*** Titled Tuesday Blitz"]
[Site "Chess.com"]
[Date "2021.02.16"]
[Round "8"]
[White "arminmusovic"]
[Black "IMRosen"]
[Result "1/2-1/2"]
[WhiteElo "2500"]
[BlackElo "2629"]
[TimeControl "180+1"]
[EndTime "11:31:26 PST"]
[Termination "Game drawn by stalemate"]

1. a3 d5 2. Nc3 Nf6 3. d3 e5 4. Bg5 c6 5. e4 Bc5 6. h3 h6 7.
Bh4 Be6 8. Nf3 Nbd7 9. Be2 g5 10.
Bg3 d4 11. Nb1 Bd6 12. Nxd4 exd4 13. Bxd6 Ne5 14. Bxe5 Qa5+ 15. Nd2 Qxe5 16. Nf3 Qc5 17. Qd2 Rd8 18. b4 Qb6 19. O-O g4 20. hxg4 Nxg4 21. Qf4 Rg8 22. Nh2 h5 23. Nxg4 Bxg4 24. f3 Be6 25.
Kf2 Qb5 26. a4 Qxb4 27. Rab1 Qe7 28. Rh1 Rh8 29. Qe5 Rh6 30. Rxh5 Rxh5 31. Qxh5 b6 32. a5 b5 33. f4 Kd7 34. f5 Ba2 35. Rh1 Qc5 36. Qf3 Qxc2 37. e5 Bd5 38. Qf4 Qc5 39. Rh7 Kc8 40. e6 Qd6 41. Qxd6 Rxd6 42. exf7 Bxf7 43.
Rxf7 c5 44. Rxa7 b4 45. Bd1 c4 46. dxc4 d3 47. Ke3 d2 48. Rh7 b3 49. Rh1 b2 50. Bc2 Rh6 51. Rd1 Ra6 52. Kxd2 Rxa5 53. Rb1 Ra2 54. Kc3 Ra3+ 55. Bb3 Ra5 56. Rxb2 Rxf5 57.
Re2 Rg5 58. Kb4 Kc7 59. Bc2 Rg4 60. Be4 Kb6 61. Bf3 Rf4 62. Re6+ Kc7 63. Re4 Rf5 64. c5 Kb8 65. Kb5 Rf6 66. Re7 Rh6 67. Rb7+ Kc8 68.
Rb6 Rh1 69. Rf6 Rh8 70. Kb6 Kd8 71. c6 Ke7 72. Rf4 Ke6 73. Rd4 Ke5 74. Rd5+ Ke6 75. c7 Rh6 76. Kb7 Kf7 77. c8=Q Rg6 78. Qf5+ Kg7 79.
Qxg6+ Kh8 80. Kc6 1/2-1/2

[Event "*** Titled Tuesday Blitz"]
[Site "Chess.com"]
[Date "2021.02.16"]
[Round "8"]
[White "Jospem"]
[Black "TimofeevAr"]
[Result "1/2-1/2"]
[WhiteElo "3014"]
[BlackElo "2890"]
[TimeControl "180+1"]
[EndTime "11:31:37 PST"]
[Termination "Game drawn - insufficient material"]

1. e4 d5 2. exd5 Nf6 3. Nf3 Nxd5 4. d4 g6 5. c4 Nf6 6. h3 Bg7 7. Nc3 O-O 8. Be3 b6 9. Be2 Bb7 10. O-O Nbd7 11. Qb3 e6 12. Rad1 Qe7 13. Rfe1 Rad8 14.
Bf4 c5 15. Nb5 Ne4 16. Bd3 Ndf6 17. Bxe4 Nxe4 18. d5 a6 19. Rxe4 axb5 20. Qxb5 Qd7 21.
Qxb6 exd5 22. cxd5 Bxd5 23. Ree1 Qa4 24. Bg5 Rb8 25.
Qxc5 Bxf3 26. gxf3 Rxb2 27. a3 Rb5 28. Qe7 h6 29.
Be3 Rf5 30. Kg2 Re8 31. Rd8 Rxd8 32. Qxd8+ Kh7 33. Qe7 Qa8 34. Qe4 Qxa3 35. Rb1 Qd6 36. Rb7 h5 37. Qe7 Qxe7 38. Rxe7 Kg8 39. Rd7 Kh7 40. Rb7 Kg8 41. Rc7 Kh7 42. Rc4 Kg8 43. f4 Kh7 44. Kf3 Rb5 45. Ke4 Bf6 46. Rc6 Kg7 47. Kf3 Rb3 48. f5 g5 49. Kg2 Rb5 50.
Bc5 Be5 51. Kf3 Rb3+ 52. Kg2 f6 53. Be3 g4 54. hxg4 hxg4 55. Rc4 g3 56. Rg4+ Kf7 57.
Rh4 gxf2 58. Bxf2 Rb5 59. Rh7+ Kg8 60. Rd7 Rb3 61. Bc5 Rc3 62. Bb4 Rb3 63. Bd2 Rb2 64.
Kf3 Rb3+ 65. Ke4 Kf8 66. Be3 Ke8 67. Rh7 Rb5 68. Bh6 Ra5 69. Rh8+ Kd7 70. Rh7+ Kc6 71.
Bf8 Ra4+ 72. Ke3 Rc4 73. Re7 Kd5 74. Rd7+ Kc6 75. Rd8 Rc3+ 76. Ke2 Rc2+ 77. Kd3 Rc3+ 78. Ke2 Rc4 79. Rc8+ Kd5 80. Rxc4 Kxc4 81. Kf3 Kd5 82.
Kg4 Ke4 83. Bh6 Bd4 84. Bf4 Bc3 85. Bc1 Bd4 86. Bh6 Bc3 87. Bg7 Bd4 88. Kh5 Kxf5 89. Bxf6 1/2-1/2

[Event "*** Titled Tuesday Blitz"]
[Site "Chess.com"]
[Date "2021.02.16"]
[Round "8"]
[White "monalize"]
[Black "rychessmaster1"]
[Result "1/2-1/2"]
[WhiteElo "2389"]
[BlackElo "2543"]
[TimeControl "180+1"]
[EndTime "11:31:40 PST"]
[Termination "Game drawn by repetition"]

1. e4 c6 2. d4 d5 3. Nc3 dxe4 4. Nxe4 Nf6 5. Nxf6+ exf6 6. Bc4 Bd6 7. Qe2+ Be7 8. c3 O-O 9. Be3 Bf5 10. Nf3 Nd7 11.
h3 Nb6 12. Bb3 Re8 13. O-O Nd5 14. Rae1 Qd7 15. Nh4 Bd6 16. Nxf5 Qxf5 17. Bc2 Qd7 18. Qd3 g6 19. Bc1 Bf4 20. Qf3 Bxc1 21. Rxc1 f5 22.
Rfe1 Rxe1+ 23. Rxe1 Re8 24. Qd1 Re6 25. Bb3 Qe7 26.
Kf1 Re4 27. Bc2 Re6 28. Bb3 Rxe1+ 29. Qxe1 Qxe1+ 30. Kxe1 Nb6 31. Ke2 Kf8 32. f4 h6 33.
Kd3 f6 34. c4 Ke7 35. c5 Nd7 36. Bc4 a5 37. a3 b6 38. b4 axb4 39. axb4 bxc5 40. dxc5 g5 41. g3 Nf8 42. Ke3 h5 43. Be2 h4 44. gxh4 gxh4 45. Bd3 Ke6 46. Bc4+ Ke7 47.
b5 cxb5 48. Bxb5 Ne6 49. c6 Kd6 50. Bc4 Nc7 51. Bd3 Nd5+ 52. Kf3 Ne7 53. Bc2 Kxc6 54.
Bb1 Kc5 55. Ba2 Kd6 56. Ke3 Nc6 57. Bb1 Ke6 58. Ba2+ Ke7 59. Bb1 Ke6 60. Ba2+ Kd6 61. Bb1 Ne7 62. Ba2 Kc5 63. Be6 Kb4 64. Kd4 Kb5 65. Ke3 Kc5 66. Ba2 Kb4 67. Be6 Kc3 68. Bd7 Nd5+ 69. Kf3 Kd4 70. Bxf5 Ne7 71. Kg4 Ke3 72. Bh7 Nd5 73. f5 Ke4 74. Kxh4 Nf4 75.
Kg4 Nd3 76. h4 Ne5+ 77. Kg3 Kd5 78. h5 Nf7 79. Kf4 Nh6 80. Bg8+ Kd4 81. Be6 Kd3 82.
Ba2 Kd4 83. Be6 Kd3 84. Bc8 Kd4 85. Ba6 Kd5 86. Bb7+ Kd4 87. Bc8 Kd5 88. Be6+ Kd4 89.
Ba2 Kd3 90. Be6 Kd4 91. Ba2 Kd3 92. Be6 Kd4 1/2-1/2